[Event "Titled Tuesday Blitz June 21 Early 2022"]
[White "Mahdavi, Reza"]
[Black "Xu, Yi"]
[WhiteFideId "12595926"]
[BlackFideId "8605564"]
[WhiteElo "2265"]
[BlackElo "2471"]
[Result "0-1"]
[Round "08"]
[TimeControl "180+1"]
[Date "2022.06.21"]
[WhiteClock "0:00:02"]
[BlackClock "0:00:05"]

1. e4 c5 2. Nf3 d6 3. Bb5+ Nd7 4. c3 a6 5. Ba4 b5 6. Bc2 Ngf6 7. d4 e6 8. O-O Be7 9. Qe2 Bb7 10. Re1 e5 11. dxe5 dxe5 12. a4 b4 13. Nbd2 O-O 14. Nc4 Qc7 15. a5 Bc6 16. Bg5 Rfe8 17. Bh4 Nh5 18. Bxe7 Rxe7 19. g3 Nhf6 20. Rad1 Bb5 21. Bd3 bxc3 22. bxc3 Bxc4 23. Bxc4 Qxa5 24. Qe3 Qc7 25. Ra1 a5 26. Red1 Nb6 27. Bb5 a4 28. Ra3 Ne8 29. Bxe8 Rexe8 30. Qe2 Red8 31. Rda1 c4 32. Ne1 Qc5 33. Nc2 Rd6 34. Ne3 Rad8 35. h4 Rd2 36. Qf3 g6 37. h5 Qe7 38. Rb1 R8d6 39. h6 Rf6 40. Nf5 gxf5 41. Qe3 Qxa3 42. Qxd2 Qf8 43. exf5 Qxh6 44. Qd8+ Kg7 45. Qe7 Qd2 46. Qxe5 Qd5 47. Qe3 Qxf5 48. Rxb6 Rxb6 49. Qxb6 Qd3 50. Qa7 Qxc3 51. Qxa4 Qd3 52. Qa5 Kf6 53. Qb6+ Ke5 54. Qc5+ Ke6 55. Qc6+ Ke5 56. Qc5+ Ke4 57. Qc6+ Kd4 58. Qf6+ Kc5 59. Qxf7 c3 60. Qc7+ Kb4 61. Qb6+ Ka3 62. Qa5+ Kb2 63. Qb4+ Kc1 64. Qf4+ Qd2 65. Qb4 c2 66. Qa3+ Kd1 67. Qf3+ Qe2 68. Qd5+ Ke1 69. Qa5+ Qd2 70. Qe5+ Kd1 71. Qh5+ Kc1 72. Qc5 Kb2 73. Qb5+ Ka3 74. Qa6+ Kb2 75. Qb5+ Kc1 76. Kg2 Qc3 77. Qg5+ Kb2 78. Qb5+ Qb3 79. Qe5+ Ka2 80. Qa5+ Kb1 81. Qf5 Qb7+ 82. Kh2 Qb4 83. Qxh7 Qd2 84. Qb7+ Kc1 85. Qb3 Qxf2+ 86. Kh3 Kd1 87. g4 Ke1 88. Qc3+ Kf1 89. Qd3+ Kg1 0-1


[Site "https://www.chess.com"]

[Event "Titled Tuesday Blitz June 21 Early 2022"]
[White "Mahitosh, Dey"]
[Black "Fromm, Marius"]
[WhiteFideId "25091468"]
[BlackFideId "12993190"]
[WhiteElo "1624"]
[BlackElo "2274"]
[Result "0-1"]
[Round "08"]
[TimeControl "180+1"]
[Date "2022.06.21"]
[WhiteClock "0:01:53"]
[BlackClock "0:00:25"]

1. d4 Nf6 2. Nf3 e6 3. Bf4 d5 4. c3 Bd6 5. e3 O-O 6. Bd3 c5 7. Ne5 b6 8. Nd2 Qc7 9. Ndf3 Ba6 10. Bc2 Nbd7 11. Nxd7 Nxd7 12. Bxd6 Qxd6 13. Qd2 Rfd8 14. h4 e5 15. dxe5 Nxe5 16. O-O-O b5 17. h5 h6 18. Be4 Bb7 19. Bb1 b4 20. Qc2 bxc3 21. Qh7+ Kf8 22. Qh8+ Ke7 23. Qxg7 cxb2+ 24. Kxb2 Nc4+ 25. Ka1 Rg8 26. Qc3 Rxg2 27. e4 Rxf2 28. exd5 Rxf3 29. Rhe1+ Re3 30. Rxe3+ Nxe3 31. Qxe3+ Kd7 32. Qe4 Qf6+ 0-1


[Site "https://www.chess.com"]

[Event "Titled Tuesday Blitz June 21 Early 2022"]
[White "Maiorov, Nikita"]
[Black "Bilych, Olexiy"]
[WhiteFideId "13501720"]
[BlackFideId "14156504"]
[WhiteElo "2417"]
[BlackElo "2189"]
[Result "0-1"]
[Round "08"]
[TimeControl "180+1"]
[Date "2022.06.21"]
[WhiteClock "0:00:31"]
[BlackClock "0:00:36"]

1. d4 Nf6 2. c4 e6 3. Nf3 d5 4. Nc3 Bb4 5. Bg5 dxc4 6. e4 c5 7. Bxc4 cxd4 8. Nxd4 Bxc3+ 9. bxc3 Qa5 10. Bb5+ Bd7 11. Bxf6 gxf6 12. Bxd7+ Nxd7 13. O-O a6 14. Rb1 Rb8 15. Qd2 Ke7 16. f4 Rhc8 17. Rf3 Nc5 18. Re1 Rd8 19. Qf2 Rbc8 20. e5 f5 21. Qh4+ Kd7 22. Qxh7 Rf8 23. Rd1 Kc7 24. Nb3 Nxb3 25. axb3 Qb6+ 26. Kh1 Qxb3 27. Rfd3 Kb8 28. Qh3 a5 29. Qe3 Rxc3 30. Rd8+ Rxd8 31. Rxd8+ Kc7 0-1


[Site "https://www.chess.com"]

[Event "Titled Tuesday Blitz June 21 Early 2022"]
[White "Malyi, Viacheslav"]
[Black "Yen, William"]
[WhiteFideId "14123983"]
[BlackFideId "30932025"]
[WhiteElo "2270"]
[BlackElo "1905"]
[Result "1-0"]
[Round "08"]
[TimeControl "180+1"]
[Date "2022.06.21"]
[WhiteClock "0:02:17"]
[BlackClock "0:01:17"]

1. e4 e6 2. d4 d5 3. Nc3 Bb4 4. e5 Qd7 5. a3 Bxc3+ 6. bxc3 b6 7. Qg4 f5 8. exf6 Nxf6 9. Qh4 O-O 10. Nf3 c5 11. Bd3 Ba6 12. O-O Bxd3 13. Ne5 cxd4 14. Nxd7 1-0


[Site "https://www.chess.com"]

[Event "Titled Tuesday Blitz June 21 Early 2022"]
[White "Mangialardo, Tiago Carvalho"]
[Black "Eggleston, Thomas A"]
[WhiteFideId "2130718"]
[BlackFideId "412139"]
[WhiteElo "2103"]
[BlackElo "2174"]
[Result "1/2-1/2"]
[Round "08"]
[TimeControl "180+1"]
[Date "2022.06.21"]
[WhiteClock "0:00:01"]
[BlackClock "0:00:23"]

1. e4 e6 2. d4 d5 3. exd5 exd5 4. Nf3 Nf6 5. Bd3 c5 6. c3 Bg4 7. O-O c4 8. Bc2 Be7 9. Bf4 O-O 10. Nbd2 Nh5 11. Be3 Qc8 12. Re1 Nc6 13. Nf1 Bxf3 14. Qxf3 Nf6 15. Ng3 g6 16. Re2 Re8 17. Rae1 Qg4 18. Qxg4 Nxg4 19. Bg5 f6 20. Bd2 Kg7 21. Ba4 Kf7 22. h3 Nxf2 23. Kxf2 Bd6 24. Rxe8 Rxe8 25. Rxe8 Kxe8 26. Bxc6+ bxc6 27. Kf3 Kf7 28. Ne2 Ke6 29. Bf4 Be7 30. Bb8 a6 31. a4 c5 32. Ba7 cxd4 33. Nxd4+ Kd7 34. g4 Bd6 35. Bb6 Be5 36. Ne2 Bd6 37. Bd4 Ke6 38. Nf4+ Kf7 39. Nxd5 f5 40. Nb6 fxg4+ 41. hxg4 h5 42. gxh5 gxh5 43. Nxc4 Bc7 44. Ne5+ Ke6 45. Nd3 h4 46. Kg4 Bd8 47. b4 Kd5 48. Nf4+ Kc4 49. Ng6 Kb3 50. Nxh4 Kxa4 51. Nf5 a5 52. bxa5 Kxa5 53. Kf4 Kb5 54. Ke5 Kc4 55. Nd6+ Kd3 56. Kd5 Ba5 57. c4 Bb4 58. Nb5 Ke2 59. Bc5 Bd2 60. Bd4 Bb4 61. Bc3 Be7 62. Nd6 Kd3 63. Be5 Bd8 64. c5 Ba5 65. c6 Bc7 1/2-1/2


[Site "https://www.chess.com"]

[Event "Titled Tuesday Blitz June 21 Early 2022"]
[White "Manukian, Artak"]
[Black "Kucuksari, Kaan"]
[WhiteFideId "13301373"]
[BlackFideId "6380166"]
[WhiteElo "2472"]
[BlackElo "2305"]
[Result "1-0"]
[Round "08"]
[TimeControl "180+1"]
[Date "2022.06.21"]
[WhiteClock "0:00:26"]
[BlackClock "0:00:09"]

1. e4 c6 2. d4 d5 3. e5 c5 4. dxc5 Nc6 5. Bb5 e6 6. b4 Ne7 7. Nf3 Bd7 8. a4 Nxb4 9. O-O Nec6 10. Be3 a5 11. c4 Be7 12. Nc3 dxc4 13. Bxc4 O-O 14. Ne4 Nd5 15. Bxd5 exd5 16. Qxd5 Nb4 17. Qc4 Be6 18. Qb5 Bd7 19. Qc4 Be6 20. Qb5 Nc2 21. Rad1 Qc8 22. Nd6 Bxd6 23. cxd6 Nxe3 24. fxe3 Qc3 25. Rfe1 Qb4 26. Nd4 Rfc8 27. Nxe6 Qxb5 28. axb5 fxe6 29. Rc1 Kf7 30. Rc7+ Rxc7 31. dxc7 Ke7 32. b6 a4 33. Rc1 Kd7 34. Rd1+ Ke7 35. Kf2 a3 36. Kf3 a2 37. Ke4 Ke8 38. Kd4 Kd7 39. Kc5+ Ke7 40. Kb4 Ke8 41. Kb3 Ke7 42. Kb2 Ke8 43. Ka1 Ke7 44. Rd2 Rc8 45. Kxa2 g5 46. Kb3 g4 47. Kc4 h5 48. Kd4 Kd7 49. Ke4+ Ke7 50. Kf4 Rg8 51. Kg3 Rf8 52. Kh4 Rh8 53. Rd8 Rxd8 54. cxd8=Q+ Kxd8 55. Kxh5 Kd7 56. Kxg4 Kc6 57. h4 Kxb6 58. h5 Kc6 59. h6 Kb6 60. h7 1-0


[Site "https://www.chess.com"]

[Event "Titled Tuesday Blitz June 21 Early 2022"]
[White "Marn, Jan"]
[Black "Khan, Taffin"]
[WhiteFideId "14619245"]
[BlackFideId "19700024"]
[WhiteElo "2105"]
[BlackElo "2088"]
[Result "1-0"]
[Round "08"]
[TimeControl "180+1"]
[Date "2022.06.21"]
[WhiteClock "0:01:14"]
[BlackClock "0:00:04"]

1. d4 Nf6 2. c4 g6 3. Nc3 d5 4. e3 Bg7 5. Qb3 dxc4 6. Bxc4 O-O 7. Nf3 c5 8. O-O Nc6 9. Rd1 Na5 10. Qa4 Nxc4 11. Qxc4 cxd4 12. Nxd4 Qa5 13. e4 Bg4 14. f3 Bd7 15. Be3 Rac8 16. Qe2 Rfd8 17. a3 Be8 18. b4 Qh5 19. Rac1 a6 20. Qf2 Nd7 21. Nd5 Rxc1 22. Rxc1 e6 23. Nc7 Ne5 24. Nxe8 Nd3 25. Qc2 Nxc1 26. Nxg7 Kxg7 27. Qxc1 1-0


[Site "https://www.chess.com"]

[Event "Titled Tuesday Blitz June 21 Early 2022"]
[White "Mickiewicz, Piotr"]
[Black "Clarke, Brandon G I"]
[WhiteFideId "1114891"]
[BlackFideId "400319"]
[WhiteElo "2209"]
[BlackElo "2414"]
[Result "0-1"]
[Round "08"]
[TimeControl "180+1"]
[Date "2022.06.21"]
[WhiteClock "0:01:02"]
[BlackClock "0:00:25"]

1. e4 e6 2. d3 d5 3. Nd2 Nf6 4. Ngf3 Nc6 5. c3 e5 6. Be2 a5 7. a4 Bc5 8. O-O O-O 9. Qc2 h6 10. exd5 Qxd5 11. Ne4 Be7 12. Nfd2 Nh7 13. Nc4 f5 14. Ng3 Be6 15. Bf3 e4 16. Ne3 Qxd3 17. Qxd3 exd3 18. Bd5 Bxd5 19. Nxd5 Rad8 20. Nxe7+ Nxe7 21. Bd2 f4 22. Ne4 Nc6 23. f3 Nf6 24. Nxf6+ Rxf6 25. Rfe1 Kf7 26. Re4 g5 27. Rae1 Rdd6 28. b3 Rfe6 29. Kf2 Rxe4 30. Rxe4 Re6 31. g3 Rxe4 32. fxe4 fxg3+ 33. hxg3 Ne5 34. Ke3 c5 35. c4 b6 36. Bc3 Ke6 37. Bb2 h5 38. Bc3 h4 39. gxh4 gxh4 40. Be1 h3 41. Bg3 h2 42. Bxh2 Ng4+ 43. Kxd3 Nxh2 0-1


[Site "https://www.chess.com"]

[Event "Titled Tuesday Blitz June 21 Early 2022"]
[White "Migot, Tangi"]
[Black "Prokofiev, Valentyn"]
[WhiteFideId "662445"]
[BlackFideId "14160161"]
[WhiteElo "2510"]
[BlackElo "2142"]
[Result "0-1"]
[Round "08"]
[TimeControl "180+1"]
[Date "2022.06.21"]
[WhiteClock "0:02:02"]
[BlackClock "0:01:44"]

1. d4 Nf6 2. c4 c5 3. d5 g6 4. Nc3 Bg7 5. e4 d6 6. h3 O-O 7. Bd3 e6 8. Nf3 exd5 9. exd5 Re8+ 10. Be3 Rxe3+ 11. fxe3 Qe7 12. e4 Nbd7 13. O-O Nh5 14. Qd2 Ng3 15. Rf2 Ne5 16. Nxe5 Bxe5 17. Ne2 Qh4 18. Rf3 Nxe2+ 19. Qxe2 Bg4 20. Raf1 Bxf3 21. Qxf3 Rf8 22. b3 Qg5 23. Qg4 Qe3+ 24. Kh1 Qxd3 0-1


[Site "https://www.chess.com"]

[Event "Titled Tuesday Blitz June 21 Early 2022"]
[White "Mindlin, Alon"]
[Black "Tari, Aryan"]
[WhiteFideId "2800071"]
[BlackFideId "1510045"]
[WhiteElo "2390"]
[BlackElo "2567"]
[Result "1/2-1/2"]
[Round "08"]
[TimeControl "180+1"]
[Date "2022.06.21"]
[WhiteClock "0:00:18"]
[BlackClock "0:00:15"]

1. d4 d5 2. c4 e6 3. Nc3 c5 4. cxd5 cxd4 5. Qa4+ Bd7 6. Qxd4 exd5 7. Nf3 Nf6 8. Bg5 Nc6 9. Qd2 Bb4 10. e3 h6 11. Bxf6 Qxf6 12. Be2 O-O 13. Rc1 Rad8 14. O-O Bg4 15. a3 Bd6 16. Nxd5 Qg6 17. Qc2 Qh5 18. Nf4 Bxf4 19. exf4 Rfe8 20. Rfe1 Rxe2 21. Qxe2 Nd4 22. Qe7 Nxf3+ 23. gxf3 Bxf3 24. Qxd8+ Kh7 25. Re8 Qh3 26. Rh8+ Kg6 27. Rxh6+ gxh6 28. Qg8+ Kf6 29. Qh8+ Kg6 30. Qg8+ Kf6 31. Qh8+ Kg6 32. Qg8+ 1/2-1/2


[Site "https://www.chess.com"]

[Event "Titled Tuesday Blitz June 21 Early 2022"]
[White "Mirzoev, Azer"]
[Black "Przybylski, Wojciech"]
[WhiteFideId "13400304"]
[BlackFideId "1117599"]
[WhiteElo "2525"]
[BlackElo "2133"]
[Result "1-0"]
[Round "08"]
[TimeControl "180+1"]
[Date "2022.06.21"]
[WhiteClock "0:01:33"]
[BlackClock "0:00:03"]

1. c4 Nf6 2. Nc3 e5 3. Nf3 Nc6 4. e3 Be7 5. a3 a5 6. Qc2 O-O 7. Bd3 h6 8. O-O d6 9. b3 Bg4 10. Nh4 Re8 11. Nf5 Bf8 12. h3 Bxf5 13. Bxf5 g6 14. Bd3 Bg7 15. Bb2 Ne7 16. Be2 c6 17. b4 d5 18. cxd5 cxd5 19. Nb5 Rc8 20. Qb3 Ne4 21. Rfd1 Nc6 22. d3 Ng5 23. Bf1 Kh7 24. Rac1 Qd7 25. bxa5 Nxa5 26. Qb4 Nc6 27. Qd6 Rcd8 28. Qxd7 Rxd7 29. d4 e4 30. Nc3 Bf8 31. Na4 Ra8 32. Nb6 Rdd8 33. Nxa8 Rxa8 34. Bb5 Ne6 35. Bxc6 bxc6 36. Rxc6 Rb8 37. Rd2 Nd8 38. Rc7 Bd6 39. Rd7 Bf8 40. Rxd5 Nc6 41. Rc2 Nd8 42. Rd7 Kg8 43. d5 Nb7 44. Be5 Rd8 45. Rxb7 Rxd5 46. Bd4 Ra5 47. Rb8 1-0


[Site "https://www.chess.com"]

[Event "Titled Tuesday Blitz June 21 Early 2022"]
[White "Molina, Roberto Junio Brito"]
[Black "Tasev, Dejan"]
[WhiteFideId "2109450"]
[BlackFideId "936618"]
[WhiteElo "2432"]
[BlackElo "2253"]
[Result "1-0"]
[Round "08"]
[TimeControl "180+1"]
[Date "2022.06.21"]
[WhiteClock "0:01:04"]
[BlackClock "0:00:36"]

1. d4 Nf6 2. c4 g6 3. Nc3 Bg7 4. e4 d6 5. f3 O-O 6. Be3 c5 7. dxc5 dxc5 8. Qxd8 Rxd8 9. Bxc5 Nc6 10. Nd5 e6 11. Ne7+ Nxe7 12. Bxe7 Re8 13. Bb4 b6 14. O-O-O Ba6 15. Kb1 Rac8 16. b3 Red8 17. Rxd8+ Rxd8 18. Kc2 Nd7 19. Ne2 Nb8 20. Bc3 e5 21. Nc1 Nc6 22. Nd3 Nd4+ 23. Bxd4 Rxd4 24. Be2 f6 25. Nb4 Bb7 26. Rd1 Rxd1 27. Kxd1 Bf8 28. Nd3 a5 29. Kd2 Bc5 30. g4 Bd4 31. Kc2 Kf7 32. a3 Ke6 33. b4 Bc6 34. Kb3 g5 35. h3 h6 36. Nb2 Bxb2 37. Kxb2 axb4 38. axb4 Kd6 39. Bd1 Bd7 40. Ka3 b5 41. Be2 bxc4 42. Bxc4 Kc6 43. Kb3 Kb6 44. Kc3 Ba4 45. Be2 Bc6 46. Bf1 Ba4 47. Kd2 Bc6 48. Bc4 Ba4 49. Kd3 Bd1 50. Ke3 Ba4 51. Ke2 Bb5 52. Kd3 Ba4 53. Kd2 Bd7 54. Ke3 Ba4 55. h4 Bd7 56. h5 Ba4 57. Kd2 Bd7 58. Kc3 Ba4 59. Bb3 Bb5 60. Bd1 Bc6 61. Kc4 Bb7 62. b5 Ba8 63. Kb4 Bb7 64. Bb3 Ba8 65. Bd5 Bxd5 66. exd5 1-0


[Site "https://www.chess.com"]

[Event "Titled Tuesday Blitz June 21 Early 2022"]
[White "Namitbir Singh Walia"]
[Black "Jakubowski, Krzysztof"]
[WhiteFideId "35071068"]
[BlackFideId "1112848"]
[WhiteElo "1565"]
[BlackElo "2365"]
[Result "1-0"]
[Round "08"]
[TimeControl "180+1"]
[Date "2022.06.21"]
[WhiteClock "0:00:33"]
[BlackClock "0:00:01"]

1. d4 Nf6 2. c4 e6 3. Nf3 Bb4+ 4. Bd2 a5 5. g3 d6 6. Bg2 Nbd7 7. O-O e5 8. Nc3 O-O 9. a3 Bxc3 10. Bxc3 Qe7 11. Qc2 e4 12. Nd2 e3 13. Ne4 Nxe4 14. Qxe4 Qxe4 15. Bxe4 exf2+ 16. Kxf2 a4 17. Bf3 Re8 18. e4 Nb6 19. c5 dxc5 20. dxc5 Nc4 21. Rad1 Be6 22. Rd4 Ne5 23. Bg2 Ng4+ 24. Kg1 Ne3 25. Rf2 Nxg2 26. Kxg2 h5 27. Rfd2 Kh7 28. Rb4 Ra7 29. Rdd4 c6 30. Rxa4 Rxa4 31. Rxa4 Bg4 32. Rb4 Re7 33. h3 Bd1 34. Rd4 Bc2 35. Kf3 Kg6 36. Kf4 f6 37. Rc4 Bd3 38. Rb4 Bc2 39. e5 1-0


[Site "https://www.chess.com"]

[Event "Titled Tuesday Blitz June 21 Early 2022"]
[White "Nasir, Zehn"]
[Black "Gabrielian, Artur"]
[WhiteFideId "2613239"]
[BlackFideId "4131002"]
[WhiteElo "1993"]
[BlackElo "2440"]
[Result "0-1"]
[Round "08"]
[TimeControl "180+1"]
[Date "2022.06.21"]
[WhiteClock "0:00:12"]
[BlackClock "0:00:51"]

1. d4 Nf6 2. Bf4 g6 3. Nc3 d5 4. Nf3 Bg7 5. Qd2 O-O 6. O-O-O c5 7. e3 cxd4 8. exd4 Nc6 9. Ne5 Bf5 10. f3 h5 11. Be2 Rc8 12. g4 hxg4 13. fxg4 Ne4 14. Qe3 Nxc3 15. bxc3 Be4 16. Rhf1 Nxe5 17. Bxe5 Qa5 18. Kd2 Bxe5 19. dxe5 Rfd8 20. e6 fxe6 21. Bd3 Qxc3+ 22. Ke2 Qe5 23. Bxe4 dxe4 24. Rxd8+ Rxd8 25. Qh6 Qb5+ 26. Ke1 Qb1+ 27. Kf2 Qxc2+ 28. Kg3 Rd3+ 29. Kf4 Qd2+ 30. Ke5 Qxh6 0-1


[Site "https://www.chess.com"]

[Event "Titled Tuesday Blitz June 21 Early 2022"]
[White "Nesterov, Arseniy"]
[Black "Yang, Kaiqi"]
[WhiteFideId "24198455"]
[BlackFideId "8604398"]
[WhiteElo "2489"]
[BlackElo "2373"]
[Result "1/2-1/2"]
[Round "08"]
[TimeControl "180+1"]
[Date "2022.06.21"]
[WhiteClock "0:01:14"]
[BlackClock "0:01:36"]

1. d4 Nf6 2. c4 e6 3. Nf3 d5 4. Nc3 c6 5. e3 Nbd7 6. Bd3 dxc4 7. Bxc4 b5 8. Bd3 Bb7 9. O-O Bd6 10. b3 O-O 11. Bb2 a6 12. a4 b4 13. Ne4 Nxe4 14. Bxe4 Nf6 15. Bd3 c5 16. dxc5 Bxc5 17. Qe2 Qe7 18. Rac1 a5 19. Bxf6 gxf6 20. Bxh7+ Kxh7 21. Qc2+ f5 22. Qxc5 Qxc5 23. Rxc5 Bxf3 24. gxf3 Rfd8 25. Rb1 Rd2 26. Kf1 Kg6 27. f4 Kf6 28. Kg2 Rg8+ 29. Kf3 Rh8 30. Kg3 Rg8+ 31. Kf3 Rh8 32. Kg2 Rg8+ 33. Kf3 1/2-1/2


[Site "https://www.chess.com"]

[Event "Titled Tuesday Blitz June 21 Early 2022"]
[White "Nilssen, Ellen Fredericia"]
[Black "Harsh Suresh"]
[WhiteFideId "1441230"]
[BlackFideId "45018464"]
[WhiteElo "2094"]
[BlackElo "2059"]
[Result "0-1"]
[Round "08"]
[TimeControl "180+1"]
[Date "2022.06.21"]
[WhiteClock "0:01:25"]
[BlackClock "0:01:36"]

1. Nf3 Nf6 2. b3 h6 3. Bb2 g5 4. Bxf6 exf6 5. e4 Bg7 6. d4 O-O 7. Bd3 d5 8. O-O dxe4 9. Bxe4 f5 10. Bd3 g4 11. Ne1 Qxd4 12. c3 Qf6 13. Qc2 Nc6 14. Nd2 Qxc3 15. Qxc3 Bxc3 16. Rd1 Bxd2 17. Rxd2 Rd8 18. Re2 Be6 19. f3 Nd4 20. Rd2 Rd6 21. fxg4 fxg4 22. Be4 c6 23. Rdf2 f5 24. Bb1 Rf8 25. Nd3 b6 26. Nf4 Bc8 27. Ng6 Rxg6 0-1


[Site "https://www.chess.com"]

[Event "Titled Tuesday Blitz June 21 Early 2022"]
[White "Nunez V, Gustavo Eduardo"]
[Black "Tinmaz, Kerem"]
[WhiteFideId "4403690"]
[BlackFideId "44559151"]
[WhiteElo "2228"]
[BlackElo "1443"]
[Result "0-1"]
[Round "08"]
[TimeControl "180+1"]
[Date "2022.06.21"]
[WhiteClock "0:00:01"]
[BlackClock "0:00:06"]

1. e4 c6 2. d4 d5 3. Nc3 dxe4 4. Nxe4 Bf5 5. Ng3 Bg6 6. h4 h6 7. Nh3 e6 8. h5 Bh7 9. Bf4 Bd6 10. c3 Ne7 11. Bd3 Bxd3 12. Qxd3 Nd5 13. Be5 Bxe5 14. dxe5 Nd7 15. Ne4 Nxe5 16. Qd4 Qc7 17. f4 Nd7 18. Qxg7 Ke7 19. Qd4 Nxf4 20. Nxf4 Qxf4 21. Rf1 Qe5 22. O-O-O Qxd4 23. Rxd4 Ne5 24. Nc5 b6 25. Nb3 Rad8 26. Rh4 Rhg8 27. Rh2 Rg5 28. Nd4 c5 29. Nf3 Nxf3 30. Rxf3 Rdg8 31. Rf2 Rg3 32. Rd2 R8g5 33. Kc2 f5 34. b3 e5 35. Re2 Ke6 36. a4 e4 37. Kd2 Ke5 38. Rh4 Rxg2 39. Rh2 Rxe2+ 40. Rxe2 Rxh5 41. Rg2 Rg5 42. Rh2 h5 43. b4 f4 44. bxc5 bxc5 45. a5 e3+ 46. Kd3 c4+ 47. Kxc4 f3 48. Kd3 e2 49. Rh1 Kf4 50. Rh4+ Kg3 51. Re4 Rd5+ 52. Ke3 Rd1 53. Rg4+ hxg4 54. c4 e1=Q# 0-1


[Site "https://www.chess.com"]

[Event "Titled Tuesday Blitz June 21 Early 2022"]
[White "Papasimakopoulos, Alexandros"]
[Black "Grischuk, Alexander"]
[WhiteFideId "4244125"]
[BlackFideId "4126025"]
[WhiteElo "2340"]
[BlackElo "2762"]
[Result "0-1"]
[Round "08"]
[TimeControl "180+1"]
[Date "2022.06.21"]
[WhiteClock "0:00:31"]
[BlackClock "0:01:20"]

1. d4 Nf6 2. c4 g6 3. Nc3 Bg7 4. Bg5 d6 5. e3 Nbd7 6. Be2 c5 7. d5 Qa5 8. Qd2 a6 9. Nf3 b5 10. cxb5 axb5 11. Bxb5 O-O 12. Be2 Ba6 13. O-O Rfb8 14. Rfe1 h6 15. Bh4 g5 16. Bg3 Nh5 17. Bxa6 Rxa6 18. Qc2 Rab6 19. Rab1 Bxc3 20. bxc3 Rxb1 21. Rxb1 Rxb1+ 22. Qxb1 Qxc3 23. Qd1 Ndf6 24. a4 Ne4 25. Ne1 Nhf6 26. Qe2 Nxd5 27. Kf1 Kg7 28. Qa2 Nb4 29. Qe2 c4 30. f3 Nxg3+ 31. hxg3 Nd3 32. Nxd3 cxd3 33. Qa2 Qc1+ 34. Kf2 d2 0-1


[Site "https://www.chess.com"]

[Event "Titled Tuesday Blitz June 21 Early 2022"]
[White "Paravyan, David"]
[Black "Lazavik, Denis"]
[WhiteFideId "4194985"]
[BlackFideId "13515110"]
[WhiteElo "2569"]
[BlackElo "2437"]
[Result "1-0"]
[Round "08"]
[TimeControl "180+1"]
[Date "2022.06.21"]
[WhiteClock "0:02:20"]
[BlackClock "0:00:15"]

1. e4 e5 2. Nf3 Nc6 3. Nc3 Nf6 4. d4 exd4 5. Nxd4 Bb4 6. Nxc6 bxc6 7. Bd3 O-O 8. O-O d5 9. exd5 cxd5 10. Bg5 c6 11. Qf3 h6 12. Bxf6 Qxf6 13. Qxf6 gxf6 14. Ne2 Bd6 15. Nd4 c5 16. Nf5 Bxf5 17. Bxf5 Be5 18. Rab1 Rab8 19. b3 Rfe8 20. Rbd1 Rbd8 21. g3 c4 22. Rfe1 Kf8 23. Bg4 cxb3 24. axb3 Bc3 25. Rxe8+ Kxe8 26. Rd3 d4 27. Rf3 Ke7 28. Bf5 a5 29. Bd3 Rd5 30. Rf4 Bd2 31. Rh4 Kf8 32. Re4 Bc3 33. Kg2 Re5 34. Rh4 Kg7 35. f4 Re1 36. Rh5 Re7 37. Rd5 Rc7 38. Kf3 Re7 39. Kg4 Ra7 40. Rd6 a4 41. bxa4 Rxa4 42. Rd7 Kf8 43. Kh5 Kg7 44. Be4 Ra8 45. Bxa8 1-0


[Site "https://www.chess.com"]

[Event "Titled Tuesday Blitz June 21 Early 2022"]
[White "Perez Leiva, Jerzy Jesus"]
[Black "Barria Zuniga, Daniel"]
[WhiteFideId "3524337"]
[BlackFideId "3400816"]
[WhiteElo "2287"]
[BlackElo "2414"]
[Result "0-1"]
[Round "08"]
[TimeControl "180+1"]
[Date "2022.06.21"]
[WhiteClock "0:00:02"]
[BlackClock "0:00:21"]

1. e4 c5 2. Nf3 e6 3. d4 cxd4 4. Nxd4 a6 5. c4 Nf6 6. Nc3 Qc7 7. Be2 Bb4 8. Qd3 Nc6 9. Nxc6 bxc6 10. Bd2 a5 11. O-O O-O 12. Rfd1 Ba6 13. Qe3 d6 14. Na4 c5 15. b3 Bb7 16. Bd3 Bc6 17. Nc3 Bxc3 18. Bxc3 e5 19. f4 Nd7 20. Qg3 f6 21. Bc2 Rad8 22. Qh3 Rfe8 23. Rf1 Nf8 24. f5 a4 25. g4 axb3 26. axb3 Ra8 27. Qe3 Rxa1 28. Rxa1 Ra8 29. Rxa8 Bxa8 30. b4 cxb4 31. Bxb4 Nd7 32. c5 Nxc5 33. Bb3+ Kf8 34. Qc3 Qb6 0-1


[Site "https://www.chess.com"]

[Event "Titled Tuesday Blitz June 21 Early 2022"]
[White "Petrova, Irina"]
[Black "Hosseinzadeh, Nima"]
[WhiteFideId "14124122"]
[BlackFideId "12505323"]
[WhiteElo "1993"]
[BlackElo "2066"]
[Result "1/2-1/2"]
[Round "08"]
[TimeControl "180+1"]
[Date "2022.06.21"]
[WhiteClock "0:00:14"]
[BlackClock "0:00:05"]

1. e4 c5 2. Nf3 d6 3. Bb5+ Nd7 4. O-O Nf6 5. Re1 a6 6. Bf1 b6 7. d4 cxd4 8. Qxd4 Bb7 9. c4 g6 10. Nc3 Bg7 11. Bg5 O-O 12. Qd2 Rc8 13. Rad1 Nc5 14. Bd3 Nxd3 15. Qxd3 Ng4 16. h3 Ne5 17. Nxe5 Bxe5 18. Bh6 Re8 19. b3 b5 20. Nd5 e6 21. Ne3 Qa5 22. cxb5 axb5 23. Ng4 Bh8 24. Qf3 Qc3 25. Re3 Qb2 26. Re2 Qc3 27. Re3 Qc5 28. Nf6+ Bxf6 29. Qxf6 Qe5 30. Qxe5 dxe5 31. f3 Red8 32. Red3 Rxd3 33. Rxd3 Bc6 34. Rc3 f6 35. a4 bxa4 36. bxa4 g5 37. h4 Kf7 38. hxg5 Kg6 39. Bf8 Kxg5 40. Bd6 Kf4 41. a5 Bb7 42. Rxc8 Bxc8 43. Kf2 h5 44. g3+ Kg5 45. Be7 Ba6 46. Ke3 Kg6 47. Bd8 f5 48. Kf2 Kf7 49. Bc7 Kf6 50. Ke3 Bb7 51. Bd8+ Kf7 52. Bc7 Kf6 53. Bd8+ Kg6 54. Bc7 Kf6 1/2-1/2


[Site "https://www.chess.com"]

[Event "Titled Tuesday Blitz June 21 Early 2022"]
[White "Petrovic, Aleksa"]
[Black "Zaloznyy, Mike"]
[WhiteFideId "967629"]
[BlackFideId "2023075"]
[WhiteElo "2117"]
[BlackElo "2003"]
[Result "1-0"]
[Round "08"]
[TimeControl "180+1"]
[Date "2022.06.21"]
[WhiteClock "0:00:11"]
[BlackClock "0:00:05"]

1. d4 Nf6 2. c4 b6 3. Nf3 Bb7 4. g3 e6 5. Bg2 Be7 6. O-O O-O 7. Re1 Qc8 8. Nc3 Ne4 9. Bd2 d6 10. Qc2 Nxd2 11. Qxd2 Nd7 12. Rad1 Rd8 13. e4 e5 14. Bh3 exd4 15. Nxd4 Bf6 16. Nd5 Bxd5 17. cxd5 Bxd4 18. Qxd4 Qa6 19. Bf1 Qb7 20. Bb5 Ne5 21. Re3 a6 22. Be2 b5 23. f4 Nd7 24. e5 dxe5 25. fxe5 Qb6 26. Qxb6 Nxb6 27. Bf3 Rac8 28. b3 c5 29. e6 c4 30. e7 Re8 31. d6 cxb3 32. axb3 Nd7 33. Bg4 Nf6 34. Bxc8 Rxc8 35. d7 Nxd7 36. e8=Q+ Rxe8 37. Rxe8+ Nf8 38. Rdd8 g6 39. Rxf8+ Kg7 40. Rg8+ Kh6 41. Rh8 a5 42. Ra8 a4 43. bxa4 Kg7 44. axb5 h5 45. b6 1-0


[Site "https://www.chess.com"]

[Event "Titled Tuesday Blitz June 21 Early 2022"]
[White "Pham, Le Thao Nguyen"]
[Black "Volkov, Maksim"]
[WhiteFideId "12401226"]
[BlackFideId "54123070"]
[WhiteElo "2282"]
[BlackElo "2155"]
[Result "0-1"]
[Round "08"]
[TimeControl "180+1"]
[Date "2022.06.21"]
[WhiteClock "0:00:04"]
[BlackClock "0:00:37"]

1. d4 d5 2. Nf3 Nf6 3. c4 e6 4. Nc3 c5 5. cxd5 cxd4 6. Qxd4 exd5 7. Bg5 Be7 8. e3 O-O 9. Be2 Nc6 10. Qd1 h6 11. Bh4 Be6 12. O-O Qb6 13. Bb5 Rfd8 14. Bxc6 bxc6 15. Na4 Qa6 16. Rc1 g5 17. Bg3 Ne4 18. Nd4 Bd7 19. Nb3 Qxa4 20. Be5 Bf6 21. Bxf6 Nxf6 22. Qf3 Ne4 23. h4 Kg7 24. Nd4 Nd2 25. Qg3 Nxf1 26. Rxf1 f6 27. Qd6 Kf7 28. hxg5 hxg5 29. f4 g4 30. f5 c5 31. Ne6 Qc6 32. Nxd8+ Rxd8 33. Qf4 Rg8 34. Qh6 Qd6 35. Qh5+ Kf8 36. Qh6+ Rg7 37. Rf4 Kg8 38. Kh2 Qe5 39. Kg3 Qxe3+ 0-1


[Site "https://www.chess.com"]